 Dungeon Crawl Stone Soup version 0.20.1-1-g8b1a95d (webtiles) character file.

56 letownia2 the Grave Robber (level 3, -4/28 HPs)
             Began as a Deep Dwarf Necromancer on Oct 29, 2017.
             Slain by Menkaure (5 damage)
             ... on level 4 of the Dungeon.
             The game lasted 00:04:12 (1081 turns).

letownia2 the Grave Robber (Deep Dwarf Necromancer) Turns: 1081, Time: 00:04:12

Health: -4/28      AC:  3    Str: 11    XL:     3   Next: 71%
Magic:  7/7        EV: 12    Int: 16    God:
Gold:   80         SH:  0    Dex: 13    Spells: 3/7 levels left

rFire    . . .     SeeInvis .   (no weapon)
rCold    . . .     Gourm    .   (no shield)
rNeg     . . .     Faith    .   p - +0 leather armour
rPois    .         Spirit   .   (no helmet)
rElec    .         Reflect  .   (no cloak)
rCorr    .         Harm     .   (no gloves)
MR       .....                  (no boots)
Stlth    ++........             (no amulet)
Regen    0.0/turn               (no ring)
MPRegen  0.1/turn               (no ring)

@: non-regenerating
A: damage resistance, heal wounds, sense surroundings 1, no regeneration
a: Heal Wounds


You were on level 4 of the Dungeon.
You were not hungry.

You visited 1 branch of the dungeon, and saw 4 of its levels.

You collected 80 gold pieces.

Inventory:

Missiles
 m - 7 poisoned needles
Armour
 p - a +0 leather armour (worn)
Scrolls
 d - 2 scrolls of enchant armour {unknown}
 e - 2 scrolls of recharging {unknown}
 g - 4 scrolls of identify {unknown}
 h - 2 scrolls of remove curse {unknown}
 j - a scroll of blinking {unknown}
 n - a scroll of random uselessness {unknown}
 o - a scroll of fog {unknown}
 q - a scroll of fear {unknown}
Potions
 l - a potion of agility {unknown}
Books
 b - a book of Necromancy

   Spells                             Type                      Level
   a - Pain                           Necromancy                   1
   b - Animate Skeleton               Necromancy                   1
   c - Vampiric Draining              Necromancy                   3
   d - Regeneration                   Charms/Necromancy            3
   e - Animate Dead                   Necromancy                   4
   f - Control Undead                 Necromancy                   4
Comestibles
 c - a bread ration
 f - a meat ration
 k - 5 chunks of flesh


   Skills:
 - Level 2.1 Dodging
 - Level 2.4 Stealth
 - Level 2.7 Spellcasting
 + Level 5.2 Necromancy


You had 3 spell levels left.
You knew the following spells:

 Your Spells              Type           Power        Failure   Level  Hunger
a - Pain                  Necr           ###.         3%          1    #......
v - Vampiric Draining     Necr           ###.......   9%          3    ###....


Dungeon Overview and Level Annotations

Branches:
Dungeon (4/15)
 Temple: D:4-7

Altars:
Makhleb

Annotations:
D:4 exclusion: ogre, Menkaure


Innate Abilities, Weirdness & Mutations

You are resistant to damage.
You can heal yourself by infusing magical energy.
You passively map a small area around you.
You do not regenerate.


Message History

You hit Menkaure.
Menkaure is moderately damaged.
Menkaure closely misses you.
You hit Menkaure but do no damage.
Menkaure is moderately damaged.
Menkaure completely misses you.
It was a potion of curing.
You feel better. Menkaure closely misses you.
You barely miss Menkaure.
Menkaure is moderately damaged.
You hit Menkaure but do no damage.
Menkaure is moderately damaged.
Menkaure hits you!
* * * LOW HITPOINT WARNING * * *
You hit Menkaure.
Menkaure is moderately damaged.
Menkaure hits you.
You hit Menkaure.
Menkaure is moderately damaged.
Menkaure hits you.
You die...

, , * , * *+ , ,
*####### ,., , ,
, ##.....##..,, *
, #.......... , *
,,#.......... ,
,,,#.......... ,
, , ###'#####. ,
* #......@# ,
#......M######+#.
*
#.......(....M...
#........(.......
#................
,
#................
#................
#............(...
#................
,###


You could see Menkaure.

Vanquished Creatures
  An iguana (D:4)
  2 adders
  2 leopard geckos
  An orc (D:4)
  A giant cockroach (D:1)
  3 bats (D:1)
  A frilled lizard (D:2)
  A goblin (D:3)
  3 rats
15 creatures vanquished.

Notes
Turn   | Place    | Note
-------+----------+-------------------------------------------
     0 | D:1      | letownia2 the Deep Dwarf Necromancer began the quest for the Orb.
     0 | D:1      | Reached XP level 1. HP: 15/15 MP: 3/3
   389 | D:2      | Found a burning altar of Makhleb.
   389 | D:2      | Noticed a hound
   479 | D:2      | Reached XP level 2. HP: 17/22 MP: 0/5
   636 | D:3      | Noticed an ogre
   701 | D:4      | Noticed an ogre
   757 | D:4      | HP: 1/22 [iguana (8)]
   768 | D:4      | Reached skill level 5 in Necromancy
   768 | D:4      | Reached XP level 3. HP: 2/28 MP: 0/7
   779 | D:4      | Learned a level 3 spell: Vampiric Draining
  1063 | D:4      | Noticed Menkaure
  1079 | D:4      | HP: 1/28 [Menkaure (13)]
  1081 | D:4      | Slain by Menkaure

Skill      XL: |  1  2 |
---------------+-------+-----
Spellcasting   | 2 |  2.7
Necromancy     | 5 |  5.2
Dodging        | |  2.1
Stealth        | |  2.4

Action                   || total
-------------------------++-------
Melee: Unarmed           ||     7
Throw: Tomahawk          ||     2
 Cast: Pain              ||    28
       Vampiric Draining ||     4
  Use: Potion            ||     1
  Eat: Chunk             ||     1
Armor: Robe              ||     1
Dodge: Dodged            ||    23
